AoeStats
← YellowColourPlayer

Fortress

508327978Analyzed
4v4 RM · 12d ago on Sep 21, 2026· 56m 6s· 8 players
Game mode
Random Map
Map size
Huge
Population
200
Speed
Normal
Resources
Standard
Victory
Conquest
Starting age
Dark Age
Ending age
Imperial Age
RankedLock teamsTeams togetherTeam positionsShared explorationLock speedFull tech treeHidden civsTurbo modeCheats
Victory
Defeat
🇦🇷 Byzantines · Argentina
1156
+15
1152
+15
🇬🇹 Poles · Guatemala
1122
+16
🇳🇴 Goths · Norway
1103
+17
🇺🇸 Persians · United States
1141
-16
🇩🇴 Romans · Dominican Republic
1138
-16
🇺🇸 Bohemians · United States
1136
-16
🇺🇸 Celts · United States
1115
-15
YellowColourPlayer
8:43 Feudal Age
9:39 Loom
9:52 Stone Mining
12:39 Castle Age
10:49 Horse Collar
11:35 Double-Bit Axe
12:45 Stone Mining
12:55 Stone Mining
18:34 Scale Mail Armor
23:13 Gold Mining
24:00 Wheelbarrow
24:44 Forging
24:36 Pikeman
27:16 Chain Mail Armor
33:40 Imperial Age
31:31 Squires
33:30 Anarchy
34:12 Iron Casting
35:12 Conscription
38:11 Perfusion
37:36 Elite Huskarl
38:23 Perfusion
42:15 Onager
46:15 Capped Ram
55:28 Spies/Treason
[GDL] REVOLVER CANNABIS
7:22 Feudal Age
11:16 Castle Age
9:19 Double-Bit Axe
10:00 Horse Collar
18:05 Loom
19:58 Scale Barding Armor
20:18 Bow Saw
21:56 Bloodlines
22:17 Heavy Plow
22:33 Husbandry
23:02 Gold Mining
25:47 Chain Barding Armor
28:00 Imperial Age
26:14 Wheelbarrow
26:35 Forging
28:02 Cavalier
30:30 Plate Barding Armor
31:36 Iron Casting
31:40 Gold Shaft Mining
32:05 Conscription
33:51 Blast Furnace
32:53 Murder Holes
33:04 Savar
34:59 Crop Rotation
35:15 Scale Mail Armor
35:06 Fletching
34:50 Elite War Elephant
35:34 Man-at-Arms
36:06 Gambesons
36:54 Arson
37:10 Squires
38:22 Two-Man Saw
36:59 Long Swordsman
37:57 Chain Mail Armor
39:36 Plate Mail Armor
39:56 Pikeman
40:30 Halberdier
41:39 Light Cavalry
42:17 Bodkin Arrow
42:48 Kamandaran
43:56 Padded Archer Armor
45:00 Chemistry
44:36 Crossbowman
45:22 Thumb Ring
48:32 Parthian Tactics
50:42 Stone Mining
53:01 Ballistics
52:50 Siphons
52:37 Guard Tower
55:43 Hand Cart
55:17 Town Watch
55:51 Elite Skirmisher
Jaffeth15
9:05 Feudal Age
7:23 Loom
13:16 Castle Age
11:33 Double-Bit Axe
13:16 Horse Collar
13:29 Loom
14:02 Town Watch
19:02 Fletching
23:47 Scale Mail Armor
24:47 Arson
26:26 Heavy Plow
28:14 Wheelbarrow
31:07 Gold Mining
31:08 Stone Mining
34:22 Imperial Age
32:09 Fortified Wall
32:04 Treadmill Crane
33:16 Stone Shaft Mining
32:54 Bow Saw
32:49 Pikeman
33:29 Squires
34:06 Hand Cart
33:53 Town Patrol
35:36 Conscription
37:05 Crop Rotation
37:08 Ballistics
37:49 Chemistry
37:20 Forging
37:26 Chain Mail Armor
36:39 Elite Obuch
41:13 Plate Mail Armor
41:18 Iron Casting
43:00 Siege Engineers
42:51 Murder Holes
43:07 Masonry
44:45 Blast Furnace
43:40 Bodkin Arrow
45:07 Hoardings
44:03 Sappers
46:55 Bracer
46:48 Light Cavalry
48:06 Bloodlines
47:57 Husbandry
47:42 Winged Hussar
48:47 Lechitic Legacy
48:33 Szlachta Privileges
50:01 Cavalier
50:50 Scale Barding Armor
[Lw] MasterGace
7:20 Feudal Age
7:55 Horse Collar
8:02 Double-Bit Axe
12:37 Loom
15:39 Castle Age
16:01 Gold Mining
16:36 Bow Saw
19:21 Gold Shaft Mining
22:32 Imperial Age
20:06 Fletching
20:16 Padded Archer Armor
21:06 Wheelbarrow
22:00 Crossbowman
25:08 Chemistry
27:40 Thumb Ring
28:39 Heavy Plow
28:32 Arbalester
31:31 Gold Shaft Mining
30:55 Bodkin Arrow
31:23 Ballistics
32:16 Bracer
32:32 Leather Archer Armor
34:23 Elite Skirmisher
36:06 Conscription
35:23 Capped Ram
36:41 Ring Archer Armor
37:18 Siege Ram
39:55 Crop Rotation
40:30 Two-Man Saw
41:14 Squires
43:26 Scale Barding Armor
43:32 Forging
44:31 Hand Cart
44:42 Bombard Tower
44:35 Fortified Wall
44:21 Murder Holes
44:07 Treadmill Crane
44:19 Guard Tower
44:14 Arrowslits
52:38 Guilds
NY-Radamantiz
8:26 Feudal Age
12:09 Castle Age
10:43 Horse Collar
10:52 Double-Bit Axe
13:03 Heavy Plow
13:16 Bow Saw
14:18 Loom
28:33 Imperial Age
27:51 Chemistry
27:38 Padded Archer Armor
31:22 Wagenburg Tactics
31:37 Conscription
32:02 Wheelbarrow
33:23 Leather Archer Armor
32:59 Fletching
35:17 Ring Archer Armor
34:43 Bodkin Arrow
37:19 Elite Hussite Wagon
39:13 Two-Man Saw
44:11 Town Watch
44:42 Hand Cart
46:43 Bracer
49:02 Siege Engineers
NY-judyelpesao
0:32 Loom
8:17 Feudal Age
13:23 Castle Age
13:36 Double-Bit Axe
13:36 Horse Collar
15:25 Heavy Plow
22:55 Wheelbarrow
24:42 Hand Cart
25:06 Elite Skirmisher
25:08 Pikeman
25:56 Fletching
26:07 Scale Mail Armor
28:39 Chain Mail Armor
31:36 Forging
40:48 Imperial Age
38:57 Bodkin Arrow
39:03 Padded Archer Armor
39:39 Iron Casting
41:30 Leather Archer Armor
45:03 Town Watch
NY-HENRY
0:26 Loom
7:39 Feudal Age
11:21 Castle Age
11:29 Wheelbarrow
11:08 Double-Bit Axe
19:27 Wheelbarrow
26:02 Bloodlines
25:54 Husbandry
28:54 Imperial Age
28:30 Scale Barding Armor
28:37 Forging
30:35 Heavy Camel Rider
33:59 Chain Barding Armor
36:37 Plate Barding Armor
45:36 Fletching
51:29 Chemistry
adriel.fe1123
0:26 Loom
7:50 Feudal Age
9:43 Double-Bit Axe
12:24 Horse Collar
14:53 Castle Age
13:21 Gold Mining
12:54 Man-at-Arms
13:56 Fletching
17:12 Bodkin Arrow
20:14 Bow Saw
22:06 Scale Barding Armor
22:02 Scale Mail Armor
26:03 Chain Mail Armor
26:09 Chain Barding Armor
25:17 Long Swordsman
26:12 Ballistas
38:41 Husbandry
38:52 Bloodlines
39:29 Gold Shaft Mining
39:10 Murder Holes
40:01 Padded Archer Armor
40:12 Forging
43:43 Squires
Connection lost

Rejoining the realm…

Still unreachable

The connection could not be restored.

Session expired

The server has moved on; the page needs a fresh start.